 Dungeon Crawl Stone Soup version 0.26-a0-491-g70697cc071 (webtiles) character file.

Game seed: 9817000791063355847

221 MrRokkomies the Slasher (level 5, 0/49 HPs)
             Began as an Octopode Chaos Knight on Aug 5, 2020.
             Was a Plaything of Xom.
             Slain by an orc wizard
             ... wielding a +0 dagger
              (3 damage)
             ... on level 4 of the Dungeon.
             The game lasted 00:04:18 (5894 turns).

MrRokkomies the Slasher (Octopode Chaos Knight)     Turns: 5894, Time: 00:04:18

Health: 0/49       AC: 22    Str: 12      XL:     5   Next: 98%
Magic:  5/5        EV:  2    Int: 14 (15) God:    Xom [......]
Gold:   147        SH:  0    Dex: 11      Spells: 4/4 levels left

rFire    + . .     SeeInvis .   a - +0 falchion (chaos)
rCold    . . .     Faith    +   (no shield)
rNeg     + + +     Spirit   .   (helmet currently unavailable)
rPois    +         Reflect  .   m - amulet of faith
rElec    .         Harm     .   i - ring of flight
rCorr    .         NoTele   +   j - ring of poison resistance
MR       ++...                  f - ring of protection from fire
Stlth    ++........             (no ring)
HPRegen  0.00/turn              (no ring)
MPRegen  0.09/turn              (no ring)
                                (no ring)
                                (no ring)

@: tree-form
A: almost no armour, stealthy swim, (amphibious), 8 rings, (constrict 8),
deterioration 1, frail 1, magic resistance 2, inhibited regeneration
a: Renounce Religion


You were on level 4 of the Dungeon.
You worshipped Xom.
You were a very special plaything of Xom.
You were a tree.
You visited 1 branch of the dungeon, and saw 4 of its levels.

You collected 147 gold pieces.

Inventory:

Hand Weapons
 a - a +0 falchion of chaos (weapon)
Missiles
 e - 19 poisoned darts (quivered)
 h - a throwing net
Jewellery
 f - a ring of protection from fire (on tentacle)
 i - a ring of flight (left branch)
 j - a ring of poison resistance (right branch)
 m - an amulet of faith (around neck)
Wands
 g - a wand of random effects (22)
Scrolls
 d - 4 scrolls of identify
 k - 3 scrolls of remove curse
 l - a scroll of teleportation
Potions
 b - a potion of might
 c - a potion of cancellation
 n - a potion of lignification


   Skills:
 + Level 3.8 Fighting
 * Level 4.3 Long Blades
 + Level 1.5 Throwing
 * Level 4.0 Dodging
 - Level 1.2 Stealth


You had 4 spell levels left.
You didn't know any spells.
Your spell library was empty.

Dungeon Overview and Level Annotations

Branches:
Dungeon (4/15)
 Temple: D:4-7

Altars:
Fedhas
Gozag
Hepliaklqana
Yredelemnul


Innate Abilities, Weirdness & Mutations

You cannot wear most types of armour.
You are very stealthy in the water. (Stealth+)
((You are amphibious.))
You can wear up to eight rings at the same time.
((You can use your tentacles to constrict eight enemies at once.))
((Your skin changes colour to match your surroundings (Stealth+).))
((Your rubbery body absorbs attacks. (AC +1, EV +1)))
Your body sometimes deteriorates upon taking damage.
You are frail. (-10% HP)
You are highly resistant to hostile enchantments. (MR++)
You do not regenerate when monsters are visible.


Message History

You hear some strange, mumbled words.
You hear some strange, mumbled words.
Something hits you.
* * * LOW HITPOINT WARNING * * *
Something hits you.
* * * LOW HITPOINT WARNING * * *
Found a hunting sling.
Found a stone staircase leading up.
You hit something.
Nothing appears to happen.
Something hits you.
* * * LOW HITPOINT WARNING * * *
It was a potion of lignification.
You turn into a tree.
Your roots penetrate the ground.
Xom thinks this is hilarious!
Something hits you but does no damage. x2
You hit something.
Nothing appears to happen.
Something hits you but does no damage. x2
You barely miss something. Something hits you but does no damage.
You completely miss something.
Something hits you but does no damage. x2
You closely miss something. Something hits you.
You die... "Huh?
Did I miss anything?"

#.# #.# #.# #.#
#.##### #.....#
#.....##
#....)<#
#...7.)#
#...{..# ∆
............)
.###...........
#........##.
#.....####
#.....# #<....#
∆


There were no monsters in sight!

Vanquished Creatures
  A jelly (D:4)
  An orc wizard (D:3)
  4 adders
  4 gnolls (D:2)
  2 oozes (D:1)
  A worm (D:3)
  A dart slug (D:1)
  2 leopard geckos
  6 orcs
  6 bats
  5 giant cockroaches
  9 goblins
  8 hobgoblins
  5 jackals
  3 quokkas
  A ball python (D:1)
  2 frilled lizards
  2 kobolds (D:2)
  6 rats
69 creatures vanquished.

Notes
Turn   | Place    | Note
-------+----------+-------------------------------------------
     0 | D:1      | MrRokkomies the Octopode Chaos Knight began the quest for
                  | the Orb.
     0 | D:1      | Reached XP level 1. HP: 16/16 MP: 1/1
   170 | D:1      | Reached XP level 2. HP: 21/21 MP: 2/2
   275 | D:1      | XOM: divination: magic mapping
   351 | D:1      | Reached skill level 1 in Stealth
   390 | D:1      | Reached XP level 3. HP: 18/26 MP: 3/3
  1154 | D:1      | XOM: silly message
  1959 | D:1      | XOM: divination: detect items
  2213 | D:1      | XOM: silly message
  3308 | D:1      | XOM: summons 2 hostile demons
  3437 | D:1      | XOM: give mutations
  3437 | D:1      | Gained mutation: You are frail. (-10% HP) [Xom's mischief]
  3437 | D:1      | Gained mutation: Scrolls take you a little longer to read.
                  | [Xom's mischief]
  3437 | D:1      | Gained mutation: You are resistant to hostile enchantments.
                  | (MR+) [Xom's mischief]
  3437 | D:1      | Gained mutation: You are highly resistant to hostile
                  | enchantments. (MR++) [Xom's mischief]
  3465 | D:2      | XOM is BORED!
  3465 | D:2      | XOM: 1-stop teleportation journey
  3769 | D:2      | Found a basalt altar of Yredelemnul.
  3803 | D:2      | Reached XP level 4. HP: 24/27 MP: 4/4
  4009 | D:2      | XOM: 7-stop teleportation journey
  4155 | D:2      | XOM: stat loss: -1 Str (10/11)
  4192 | D:2      | Found a hazy altar of Hepliaklqana.
  4295 | D:2      | XOM: give mutations
  4295 | D:2      | Lost mutation: Scrolls take you a little longer to read.
                  | [Xom's mischief]
  4295 | D:2      | Gained mutation: You do not regenerate when monsters are
                  | visible. [Xom's mischief]
  4295 | D:2      | Gained mutation: Your body sometimes deteriorates upon
                  | taking damage. [Xom's mischief]
  4436 | D:2      | XOM: stat loss: -1 Dex (10/11)
  4510 | D:3      | Reached skill level 1 in Throwing
  4512 | D:3      | Reached XP level 5. HP: 19/32 MP: 5/5
  4819 | D:3      | Found a blossoming altar of Fedhas.
  4827 | D:3      | XOM: silly message
  4929 | D:3      | XOM: silly message
  5155 | D:3      | XOM: noise
  5300 | D:3      | XOM: summons 2 hostile demons
  5373 | D:2      | XOM: god gift: scale mail {god gift}
  5530 | D:3      | XOM: noise
  5562 | D:3      | Found an opulent altar of Gozag.
  5773 | D:4      | XOM: 4-stop teleportation journey
  5872 | D:4      | XOM: divination: detect items
  5894 | D:4      | Slain by an orc wizard

Illustrated notes

Levels and vault maps discovered:
D:1:      giann_wishing_wells, layout_rooms, minmay_tromino_mix6
D:2:      layout_basic, overflow_temple_1_default,
          nicolae_overflow_crystal_walls
D:3:      layout_basic, nicolae_overflow_hidden_temple, fedhas_ov_isle_minmay
D:4:      layout_basic, kennysheep_mini_moat, grunt_ministairs_12

Skill      XL: |  1  2  3  4  5 |
---------------+----------------+-----
Stealth        | 1 |  1.2
Dodging        | 3 4 |  4.0
Throwing       | 1 |  1.5
Long Blades    | 4 |  4.3
Fighting       | |  3.8

Action                   |  1- 3 |  4- 6 || total
-------------------------+-------+-------++-------
Melee: Falchion          |    68 |    73 ||   141
       Constrict         |    21 |    18 ||    39
       Tentacles         |     9 |     9 ||    18
  Use: Scroll            |       |     7 ||     7
       Potion            |       |     3 ||     3
 Stab: Sleeping          |     6 |    10 ||    16
       Paralysed         |     1 |       ||     1
       Confused          |       |     2 ||     2
Armor: Skin              |     7 |     9 ||    16
Dodge: Dodged            |    50 |    43 ||    93
       Rpst.: Falchion   |    17 |    14 ||    31

Table legend: (Time is in decaauts)
 A = Elapsed time spent in this place.
 B = Non-inter-level travel time spent in this place.
 C = Inter-level travel time spent in this place.
 D = Time resting spent in this place.
 E = Time spent auto-exploring this place.
 F = Levels seen in this place.
 G = Mean time per level.
                   A        B        C        D        E       F      G
               +--------+--------+--------+--------+--------+-----+--------+
         Total |   5906 |   5762 |    144 |   2990 |   2306 |   4 | 1476.5 |
       Dungeon |   5906 |   5762 |    144 |   2990 |   2306 |   4 | 1476.5 |
               +--------+--------+--------+--------+--------+-----+--------+

Top non-repeatable levels by time:
     D:1: 3458 daAuts
     D:2: 1224 daAuts
     D:3: 1037 daAuts
     D:4: 186 daAuts
